[Event "Titled Tuesday Blitz July 25 Early 2023"]
[White "EdmundPlayer"]
[Black "Salman, Pavel"]
[BlackFideId "24153753"]
[WhiteElo "2294"]
[BlackElo "2482"]
[Result "1/2-1/2"]
[Round "2"]
[TimeControl "180+2"]
[Date "2023.07.25"]
[WhiteClock "0:00:09"]
[BlackClock "0:00:12"]
[Board "199"]

1. e4 d6 2. d4 g6 3. Nc3 Bg7 4. Nf3 Nf6 5. Be2 O-O 6. O-O Nc6 7. Re1 e5 8. d5 Ne7 9. Bg5 Bg4 10. Qd2 Qd7 11. Bh6 Nh5 12. Bxg7 Kxg7 13. Ng5 h6 14. Nf3 Nf4 15. Qe3 f5 16. exf5 Nxf5 17. Qd2 Rae8 18. Bd1 Bxf3 19. Bxf3 Nd4 20. Be4 Qg4 21. f3 Nh3+ 22. Kh1 Qh4 23. gxh3 Qxh3 24. Qg2 Qh5 25. Rg1 g5 26. Qg4 Qxg4 27. Rxg4 Nxf3 28. Rf1 Nd4 29. Rxf8 Rxf8 30. Kg2 b5 31. h4 b4 32. Nd1 Kf6 33. hxg5+ hxg5 34. Nf2 Ne2 35. Nh3 Ke7 36. Nxg5 Nf4+ 37. Kh2 Rh8+ 38. Nh7 Kf7 39. Kg3 a5 40. Ng5+ Ke7 41. Ne6 Rh3+ 42. Kf2 Rh2+ 43. Kg1 Re2 44. Nxf4 exf4 45. Bf5 Kf6 46. Rxf4 Ke5 47. Rf3 Kxd5 48. Bd3 Rd2 49. Rf5+ Ke6 50. Rxa5 c5 51. Ra6 Ke5 52. b3 d5 53. a3 bxa3 54. Rxa3 Kd4 55. Ra4+ Ke3 56. b4 c4 57. Bf5 Kf4 58. Be6 Kg3 59. Kf1 Rxc2 60. Bxd5 c3 61. Ke1 Kf4 62. Kd1 Rd2+ 63. Kc1 Rxd5 64. Kc2 Ke5 65. Kxc3 Kd6 66. Kc4 Rh5 67. Ra6+ Kc7 68. Ra5 Rh4+ 69. Kc5 Rh5+ 70. Kc4 Rh4+ 71. Kb3 Kb6 72. Ka4 Rg4 73. Rf5 Rh4 74. Rf6+ Kb7 75. Kb5 Rh5+ 76. Ka4 Rh4 77. Ka5 Rh5+ 78. Ka4 Rh1 79. Rf5 Ra1+ 80. Kb5 Rb1 81. Rf7+ Kb8 82. Kc5 Kc8 83. b5 Rh1 84. Rf6 Kc7 85. Rf7+ Kc8 86. Kb6 Rh6+ 87. Kc5 Rh5+ 88. Kc6 Rh6+ 89. Kd5 Rh5+ 90. Kc4 Rh4+ 91. Kc5 Rh5+ 92. Kb4 Rh1 93. Ka5 Rh6 94. Re7 Kb8 95. Rd7 Kc8 96. Rd5 Kb7 97. Rg5 Rf6 98. Rg7+ Kb8 99. Kb4 Rh6 100. Rd7 Rg6 101. Kc5 Rh6 102. Re7 Rg6 103. Kb4 Rh6 104. Ka5 Rg6 105. Rd7 Rh6 106. Rd2 Rg6 107. Rc2 Kb7 108. Rc3 Rh6 109. Re3 Rg6 110. Re7+ Kb8 111. b6 Rg1 112. Re4 Ra1+ 113. Ra4 Rxa4+ 114. Kxa4 Kb7 115. Kb5 Kb8 116. Kc6 Kc8 117. Kc5 Kb7 118. Kb5 Kb8 119. Ka6 Ka8 120. Ka5 Kb7 121. Kb5 1/2-1/2


[Site "https://www.chess.com"]

[Event "Titled Tuesday Blitz July 25 Early 2023"]
[White "Erzhanov, Arman"]
[Black "Fernandez Siles, Luis"]
[WhiteFideId "4138821"]
[BlackFideId "2209420"]
[WhiteElo "2482"]
[BlackElo "2290"]
[Result "1/2-1/2"]
[Round "2"]
[TimeControl "180+2"]
[Date "2023.07.25"]
[WhiteClock "0:00:33"]
[BlackClock "0:00:12"]
[Board "200"]

1. e4 c5 2. Nf3 Nc6 3. Bb5 g6 4. O-O Bg7 5. c3 Nf6 6. Qa4 O-O 7. d4 cxd4 8. cxd4 d5 9. e5 Ne4 10. Bxc6 bxc6 11. Qxc6 Rb8 12. Nc3 Bb7 13. Qa4 Qb6 14. Qa3 Rfe8 15. Be3 e6 16. Rfc1 Bf8 17. Qb3 Qxb3 18. axb3 a6 19. Nd2 Nxd2 20. Bxd2 Bc8 21. Nd1 Rxb3 22. Bc3 Bb4 23. Kf1 Bxc3 24. bxc3 Bb7 25. Rcb1 Rb5 26. Rxb5 axb5 27. Ra7 Rb8 28. Nb2 b4 29. cxb4 Bc6 30. Nd3 Bb5 31. Ke2 Bxd3+ 32. Kxd3 Rxb4 33. h4 Rb3+ 34. Ke2 Rb2+ 35. Ke3 h5 36. Ra4 Rb3+ 37. Kf4 Kg7 38. f3 Rd3 39. g4 hxg4 40. fxg4 Rh3 41. Kg5 Rd3 42. Rb4 Rd1 43. h5 gxh5 44. Kxh5 Rh1+ 45. Kg5 Rd1 46. Kf4 Rf1+ 47. Kg5 Rd1 48. Ra4 Rd2 49. Kh5 Rh2+ 50. Kg5 Rd2 51. Rb4 Rd1 1/2-1/2


[Site "https://www.chess.com"]

[Event "Titled Tuesday Blitz July 25 Early 2023"]
[White "Barwinska, Ewa"]
[Black "Kirillov, Dmitry"]
[WhiteFideId "21833761"]
[BlackFideId "34180572"]
[WhiteElo "2288"]
[BlackElo "2482"]
[Result "0-1"]
[Round "2"]
[TimeControl "180+2"]
[Date "2023.07.25"]
[WhiteClock "0:00:01"]
[BlackClock "0:00:11"]
[Board "201"]

1. d4 Nf6 2. c4 e6 3. Nc3 Bb4 4. Nf3 b6 5. e3 Bb7 6. Be2 Ne4 7. Bd2 Nxd2 8. Qxd2 O-O 9. a3 Be7 10. O-O d6 11. e4 Nd7 12. Bd3 e5 13. Rfe1 Bf6 14. Bf1 g6 15. Rad1 Bg7 16. b4 a5 17. b5 exd4 18. Nxd4 Nc5 19. Nd5 Bxd5 20. cxd5 Qf6 21. Nc6 Qc3 22. Qxc3 Bxc3 23. Re3 Bg7 24. f4 Rfe8 25. e5 f6 26. e6 f5 27. g3 Bf6 28. Bd3 Kg7 29. Bc2 h6 30. Kg2 h5 31. Kf3 Rh8 32. h3 Rag8 33. Rg1 Kf8 34. g4 hxg4+ 35. hxg4 Rh3+ 36. Rg3 Rh2 37. Rg2 fxg4+ 38. Kg3 Rh3+ 39. Kf2 g3+ 40. Ke2 Bh4 41. f5 gxf5 42. Bxf5 Rh1 43. e7+ Ke8 44. Be6 Nxe6 45. Rxe6 Rg7 46. Rh6 Kd7 47. Rh8 Rxe7+ 48. Nxe7 Kxe7 49. Rh7+ Kf6 50. Rxg3 Rh2+ 51. Kf3 Bxg3 52. Rxc7 Be5 53. Rc6 Ra2 54. Rxb6 Rxa3+ 55. Ke4 Rb3 56. Rb8 a4 57. b6 a3 58. Ra8 Rxb6 59. Rxa3 Rb4+ 60. Kf3 Kf5 61. Rd3 Rd4 62. Rxd4 Bxd4 63. Ke2 Ke4 0-1


[Site "https://www.chess.com"]

[Event "Titled Tuesday Blitz July 25 Early 2023"]
[White "Remolar Gallen, Jose"]
[Black "AndresDelgado77"]
[WhiteFideId "2215187"]
[WhiteElo "2482"]
[BlackElo "2283"]
[Result "0-1"]
[Round "2"]
[TimeControl "180+2"]
[Date "2023.07.25"]
[WhiteClock "0:00:02"]
[BlackClock "0:00:04"]
[Board "202"]

1. d4 Nf6 2. Nf3 d5 3. c4 c6 4. Nc3 dxc4 5. a4 Bf5 6. e3 e6 7. Bxc4 Bb4 8. O-O Nbd7 9. Qe2 Bg4 10. h3 Bxf3 11. Qxf3 O-O 12. Rd1 Rc8 13. e4 e5 14. Bg5 Qa5 15. Qg3 Bxc3 16. bxc3 Nxe4 17. Qg4 Nxg5 18. Qxg5 Qxc3 19. Rac1 Qa5 20. f4 b5 21. axb5 exd4 22. Qf5 Nb6 23. Bd3 g6 24. Qf6 c5 25. f5 Nd5 26. Qd6 Qd8 27. Qxd8 Rfxd8 28. fxg6 hxg6 29. Bc4 Ne3 30. Rd2 Kg7 31. Ba2 c4 32. Rf2 d3 33. g4 d2 34. Rb1 d1=Q+ 35. Rxd1 Rxd1+ 36. Kh2 Rc7 37. Re2 c3 38. Rxe3 c2 0-1


[Site "https://www.chess.com"]

[Event "Titled Tuesday Blitz July 25 Early 2023"]
[White "Zaksaite, Salomeja"]
[Black "Heinemann, Josefine"]
[WhiteFideId "12801496"]
[BlackFideId "12900460"]
[WhiteElo "2276"]
[BlackElo "2480"]
[Result "1-0"]
[Round "2"]
[TimeControl "180+2"]
[Date "2023.07.25"]
[WhiteClock "0:00:05"]
[BlackClock "0:00:09"]
[Board "203"]

1. e4 c5 2. Nf3 d6 3. d4 cxd4 4. Nxd4 Nf6 5. Nc3 a6 6. Bc4 e6 7. Bb3 b5 8. O-O Bb7 9. Re1 Nc6 10. Nxc6 Bxc6 11. Nd5 Be7 12. Nxe7 Qxe7 13. Bg5 Rd8 14. Qf3 h6 15. Bf4 O-O 16. c3 Nd7 17. Qg3 Nc5 18. Bxh6 f6 19. Bc2 e5 20. b4 Ne6 21. Bb3 Kh7 22. Bxg7 Nxg7 23. Qh4+ Kg6 24. Re3 Nh5 25. Qg4+ Kh6 26. Rh3 Be8 27. Bd1 Rh8 28. Rxh5+ Bxh5 29. Qxh5+ Kg7 30. Qg4+ Kf8 31. Bb3 Qg7 32. Qf5 Qh6 33. h3 Qg5 34. Qe6 Qg7 35. Rd1 Qe7 36. Qf5 Rh7 37. Rd3 Rg7 38. Rf3 Rd7 39. g3 Rc7 40. h4 Ke8 41. Bd5 Kd8 42. h5 Rg5 43. Qxf6 Qxf6 44. Rxf6 Rxh5 45. Rxd6+ Rd7 46. Rxa6 Rc7 47. Ra8+ Ke7 48. Rb8 Rxc3 49. Rxb5 Rc1+ 50. Kg2 Rhh1 51. a4 Rhg1+ 52. Kf3 Rb1 53. a5 Rgc1 54. a6 Ra1 55. Rb7+ Kd6 56. a7 Rcb1 57. b5 Ra3+ 58. Kg4 Rb2 59. b6 Kc5 60. Rc7+ Kxb6 61. Rc6+ Kxa7 62. Rc7+ Kb6 63. Rb7+ Kc5 64. Rxb2 Rd3 65. Rc2+ Kd4 66. Rc6 Rd2 67. f3 Rf2 68. Rf6 Ke3 69. Rf8 Kd4 70. Rf5 Kd3 71. Rxe5 Ke3 72. Rf5 Re2 73. Rf8 Rd2 74. f4 Kd4 75. f5 Rf2 76. f6 Ke5 77. f7 1-0


[Site "https://www.chess.com"]

[Event "Titled Tuesday Blitz July 25 Early 2023"]
[White "Fontaine, Quentin"]
[Black "Fernandez Bustamante, Leancy B."]
[WhiteFideId "230804"]
[BlackFideId "3523870"]
[WhiteElo "2479"]
[BlackElo "2272"]
[Result "1-0"]
[Round "2"]
[TimeControl "180+2"]
[Date "2023.07.25"]
[WhiteClock "0:01:17"]
[BlackClock "0:00:03"]
[Board "204"]

1. Nf3 c5 2. g3 Nc6 3. Bg2 d6 4. O-O Nf6 5. c4 h5 6. d4 cxd4 7. Nxd4 Nxd4 8. Qxd4 h4 9. Bg5 hxg3 10. hxg3 Qa5 11. Bxf6 gxf6 12. Qd5 Qxd5 13. Bxd5 e6 14. Bf3 Bd7 15. Nc3 Bc6 16. Bxc6+ bxc6 17. Rfd1 Rb8 18. b3 f5 19. Rac1 Bh6 20. e3 Ke7 21. Kg2 Bg7 22. Na4 Rh5 23. Rh1 Rbh8 24. Rxh5 Rxh5 25. Nc3 Bxc3 26. Rxc3 a5 27. c5 d5 28. Rd3 e5 29. b4 axb4 30. Rb3 Rh8 31. Rxb4 Ra8 32. Rb7+ Ke6 33. Rc7 Rxa2 34. Rxc6+ Ke7 35. Rd6 Rd2 36. Kf1 d4 37. exd4 exd4 38. Ke1 Rc2 39. Rc6 d3 40. f4 Kd7 41. Rd6+ Ke7 42. Rd5 Ke6 43. Re5+ Kf6 44. Kd1 Kg6 45. Rd5 Kf6 46. Rd6+ Ke7 47. Rd5 Ke6 48. Re5+ Kf6 49. Ke1 1-0


[Site "https://www.chess.com"]

[Event "Titled Tuesday Blitz July 25 Early 2023"]
[White "Senft, Sean"]
[Black "Papayan, Oleg"]
[WhiteFideId "2044960"]
[BlackFideId "4193911"]
[WhiteElo "2269"]
[BlackElo "2478"]
[Result "1-0"]
[Round "2"]
[TimeControl "180+2"]
[Date "2023.07.25"]
[WhiteClock "0:00:26"]
[BlackClock "0:00:01"]
[Board "205"]

1. d4 Nf6 2. c4 e6 3. Nc3 Bb4 4. Nf3 O-O 5. Bg5 c5 6. e3 Qa5 7. Bxf6 Bxc3+ 8. bxc3 Qxc3+ 9. Nd2 gxf6 10. Rc1 Qa5 11. Qg4+ Kh8 12. Qf4 f5 13. g4 cxd4 14. c5 dxe3 15. fxe3 Nc6 16. gxf5 exf5 17. Qxf5 f6 18. Bd3 Rf7 19. Rg1 Ne5 20. Qe4 d5 21. cxd6 Be6 22. Ke2 Rd8 23. Nc4 Bxc4 24. Bxc4 Rfd7 25. Qg2 Qa3 26. Qg8+ 1-0


[Site "https://www.chess.com"]

[Event "Titled Tuesday Blitz July 25 Early 2023"]
[White "Taboas Rodriguez, Daniel"]
[Black "Joshi, Pankaj"]
[WhiteFideId "2208466"]
[BlackFideId "5006210"]
[WhiteElo "2478"]
[BlackElo "2266"]
[Result "1-0"]
[Round "2"]
[TimeControl "180+2"]
[Date "2023.07.25"]
[WhiteClock "0:02:31"]
[BlackClock "0:01:30"]
[Board "206"]

1. d4 Nf6 2. Nf3 g6 3. c4 Bg7 4. Nc3 O-O 5. e4 d6 6. Be2 e5 7. dxe5 dxe5 8. Qxd8 Rxd8 9. Bg5 Re8 10. Nd5 Nxd5 11. cxd5 Nd7 12. Rc1 Bf8 13. Rxc7 Nc5 14. Bb5 Bg4 15. Bxe8 Rxe8 16. b4 Nd3+ 17. Ke2 Nxb4 18. Rxb7 Nxd5 19. Rxa7 Nc3+ 20. Kd3 Nxe4 21. Kxe4 f5+ 22. Kd5 1-0


[Site "https://www.chess.com"]

[Event "Titled Tuesday Blitz July 25 Early 2023"]
[White "Koutlas, Nikolaos"]
[Black "Samaganova, Aleksandra"]
[WhiteFideId "25827138"]
[BlackFideId "13800221"]
[WhiteElo "2476"]
[BlackElo "2263"]
[Result "1-0"]
[Round "2"]
[TimeControl "180+2"]
[Date "2023.07.25"]
[WhiteClock "0:01:28"]
[BlackClock "0:00:06"]
[Board "207"]

1. Nf3 d5 2. b3 Nf6 3. Bb2 Bf5 4. g3 e6 5. Bg2 Bd6 6. O-O O-O 7. c4 c5 8. d4 cxd4 9. Nxd4 Bxb1 10. Rxb1 Nbd7 11. cxd5 Nxd5 12. Nxe6 fxe6 13. Bxd5 Nc5 14. Bc4 Qe7 15. Qd4 Rad8 16. Qg4 Rde8 17. Rbd1 Bc7 18. b4 Na4 19. Ba1 Nb6 20. Bxe6+ Kh8 21. Bb3 Be5 22. Bxe5 Qxe5 23. e3 h6 24. Bc2 Rf6 25. Rd4 Qc7 26. Bb1 Rd8 27. Qe4 Rxd4 28. Qh7# 1-0


[Site "https://www.chess.com"]

[Event "Titled Tuesday Blitz July 25 Early 2023"]
[White "Araujo Filho, Luiz Antonio Coel"]
[Black "szachmistrz2500"]
[WhiteFideId "2130661"]
[WhiteElo "2263"]
[BlackElo "2476"]
[Result "1-0"]
[Round "2"]
[TimeControl "180+2"]
[Date "2023.07.25"]
[WhiteClock "0:00:22"]
[BlackClock "0:00:34"]
[Board "208"]

1. d4 c5 2. e3 g6 3. Nf3 Bg7 4. Be2 Nf6 5. O-O O-O 6. b3 b6 7. Bb2 Bb7 8. Nbd2 d6 9. c4 Ne4 10. Qc2 Nxd2 11. Qxd2 Nd7 12. d5 Ne5 13. Nxe5 dxe5 14. e4 Qd6 15. a3 a5 16. Bc3 f5 17. exf5 gxf5 18. Rfe1 Bc8 19. Bf3 Bd7 20. Qe3 e4 21. Bxg7 Kxg7 22. Bd1 Qf6 23. Bc2 Be8 24. f3 Qb2 25. Rac1 Bg6 26. fxe4 f4 27. Qf2 Rf7 28. e5 Qxa3 29. Bxg6 hxg6 30. e6 Rf6 31. Rcd1 a4 32. bxa4 Qxa4 33. d6 exd6 34. Rxd6 Re8 35. Rd7+ Kg8 36. Qh4 Qxd7 37. exd7 Rxe1+ 38. Qxe1 Rd6 39. Qe8+ 1-0


[Site "https://www.chess.com"]

[Event "Titled Tuesday Blitz July 25 Early 2023"]
[White "rikchessmx"]
[Black "Bychkov, Vladimir"]
[BlackFideId "24151513"]
[WhiteElo "2262"]
[BlackElo "2474"]
[Result "0-1"]
[Round "2"]
[TimeControl "180+2"]
[Date "2023.07.25"]
[WhiteClock "0:00:07"]
[BlackClock "0:00:39"]
[Board "209"]

1. e4 c5 2. Nf3 Nc6 3. d4 cxd4 4. Nxd4 g6 5. Nxc6 bxc6 6. Qd4 Nf6 7. e5 Nd5 8. e6 f6 9. exd7+ Qxd7 10. Bc4 e5 11. Qh4 Bg7 12. O-O O-O 13. Nc3 Qf7 14. Bh6 Be6 15. Ne4 Bxh6 16. Qxh6 Nf4 17. Bxe6 Qxe6 18. Rfe1 Qg4 19. Ng3 Rad8 20. h3 Qd7 21. Rad1 Qxd1 22. Rxd1 Rxd1+ 23. Kh2 Rd2 24. Ne4 Rxc2 25. g3 Nd5 26. b3 a5 27. h4 Rxa2 28. Qc1 f5 29. Qxc6 fxe4 30. Qxd5+ Rf7 31. h5 Rxf2+ 32. Kh3 gxh5 33. Qxe5 R2f5 34. Qe8+ Kg7 35. Qxe4 Rg5 36. Qd4+ Rf6 37. Qd7+ Kg6 38. Qe8+ Rf7 39. Qe6+ Kg7 40. Qe3 h6 41. Qc3+ Kg8 42. Qc6 Rfg7 43. Qxh6 Rxg3+ 44. Kh2 R3g6 45. Qf4 Rg4 46. Qe5 Rh4# 0-1


[Site "https://www.chess.com"]

[Event "Titled Tuesday Blitz July 25 Early 2023"]
[White "Onufrienko, Vladislav"]
[Black "Kohler, Aran"]
[WhiteFideId "13804332"]
[BlackFideId "1002856"]
[WhiteElo "2474"]
[BlackElo "2252"]
[Result "1-0"]
[Round "2"]
[TimeControl "180+2"]
[Date "2023.07.25"]
[WhiteClock "0:00:57"]
[BlackClock "0:00:40"]
[Board "210"]

1. e4 c6 2. d4 d5 3. e5 Bf5 4. Nf3 a6 5. Be2 h6 6. O-O e6 7. Be3 g5 8. a4 Nd7 9. c4 dxc4 10. Bxc4 Ne7 11. Nc3 Nd5 12. a5 g4 13. Ne1 h5 14. Bd3 Bb4 15. Bxf5 exf5 16. Nxd5 cxd5 17. Nd3 Be7 18. Nf4 Nf8 19. Qb3 Ne6 20. Nxd5 O-O 21. Rfd1 Rc8 22. Qxb7 Rb8 23. Nxe7+ Kh8 24. Qa7 Ra8 25. Qb7 f4 26. Nc6 Qg5 27. Bd2 h4 28. d5 Ng7 29. Qb4 g3 30. Qxf4 gxf2+ 31. Qxf2 Qh5 32. Rf1 Rac8 33. Ra4 1-0


[Site "https://www.chess.com"]

[Event "Titled Tuesday Blitz July 25 Early 2023"]
[White "Nugumanov, Bakhtiyar"]
[Black "Spichkin, Alexander"]
[WhiteFideId "13701797"]
[BlackFideId "4144074"]
[WhiteElo "2247"]
[BlackElo "2473"]
[Result "0-1"]
[Round "2"]
[TimeControl "180+2"]
[Date "2023.07.25"]
[WhiteClock "0:00:13"]
[BlackClock "0:01:11"]
[Board "211"]

1. Nf3 f5 2. c4 Nf6 3. g3 d6 4. d4 e6 5. Bg2 Be7 6. O-O O-O 7. Nc3 a5 8. b3 Ne4 9. Bb2 Nxc3 10. Bxc3 Qe8 11. Nd2 Qg6 12. e4 f4 13. e5 Nd7 14. Be4 Qh6 15. Qc2 Bg5 16. Nf3 dxe5 17. dxe5 fxg3 18. hxg3 Be7 19. Kg2 g6 20. Rh1 Qg7 21. a3 Nc5 22. b4 Nxe4 23. Qxe4 axb4 24. axb4 Rb8 25. b5 b6 26. Nd4 Bb7 27. Nc6 Rf5 28. Ra7 Bxc6 29. Qxc6 Rbf8 30. Rf1 Bd8 31. Qxe6+ Kh8 32. Qd5 h5 33. Bd4 h4 34. Rh1 g5 35. g4 Rf4 36. f3 Kh7 37. e6 Rxd4 38. Rxh4+ gxh4 39. Qh5+ Qh6 40. e7 Bxe7 41. Rxc7 Qxh5 42. Rxe7+ Qf7 43. Rxf7+ Rxf7 0-1


[Site "https://www.chess.com"]

[Event "Titled Tuesday Blitz July 25 Early 2023"]
[White "Ardila, Oscar Humberto"]
[Black "Akylbek2021"]
[WhiteFideId "4404742"]
[WhiteElo "2246"]
[BlackElo "2471"]
[Result "1/2-1/2"]
[Round "2"]
[TimeControl "180+2"]
[Date "2023.07.25"]
[WhiteClock "0:00:09"]
[BlackClock "0:00:04"]
[Board "212"]

1. d4 Nf6 2. c4 g6 3. Nc3 d5 4. cxd5 Nxd5 5. e4 Nxc3 6. bxc3 Bg7 7. Bc4 O-O 8. Ne2 c5 9. O-O Nc6 10. Be3 Bg4 11. f3 Na5 12. Bd3 c4 13. Bc2 Be6 14. Nf4 Bd7 15. Qd2 b5 16. Rab1 a6 17. Nd5 e6 18. Nf4 Qe7 19. Rfd1 Rfd8 20. Qf2 Nc6 21. d5 Ne5 22. dxe6 Bxe6 23. Nd5 Bxd5 24. exd5 Rd7 25. a4 Rb8 26. Bc5 Qd8 27. d6 f5 28. Rd5 Nf7 29. Qd2 Qa5 30. Bb4 Qb6+ 31. Bc5 Qc6 32. Kh1 Rbd8 33. axb5 axb5 34. Rd1 Bf8 35. Bb4 Bxd6 36. Qd4 Be5 37. Rxd7 Bxd4 38. Rxd8+ Nxd8 39. Rxd4 Ne6 40. Rd6 Qe8 41. h4 Kf7 42. g4 fxg4 43. fxg4 Qa8+ 44. Kg1 Qa2 45. Be4 Qa1+ 46. Kf2 Qb2+ 47. Ke3 Qc1+ 48. Kf2 Qb2+ 49. Ke3 Qh2 50. Bd5 Qe5+ 51. Kd2 Qf4+ 52. Kc2 Qf2+ 53. Kb1 Qe1+ 54. Kb2 Qd2+ 55. Kb1 Qd1+ 56. Kb2 Qd2+ 57. Ka1 Qc1+ 58. Ka2 Qc2+ 59. Ka1 Qc1+ 60. Ka2 Qc2+ 61. Ka1 Qc1+ 1/2-1/2


[Site "https://www.chess.com"]

[Event "Titled Tuesday Blitz July 25 Early 2023"]
[White "Yeritsyan, Hayk"]
[Black "Atanasov, Radislav"]
[WhiteFideId "13307320"]
[BlackFideId "2901471"]
[WhiteElo "2471"]
[BlackElo "2244"]
[Result "1/2-1/2"]
[Round "2"]
[TimeControl "180+2"]
[Date "2023.07.25"]
[WhiteClock "0:00:39"]
[BlackClock "0:00:04"]
[Board "213"]

1. Nf3 Nf6 2. g3 g6 3. Bg2 Bg7 4. O-O O-O 5. d3 d6 6. Nbd2 c5 7. e4 Nc6 8. Re1 Rb8 9. a4 a6 10. c3 e5 11. Nc4 b5 12. axb5 axb5 13. Ne3 h6 14. Nd5 Be6 15. Ra6 Bxd5 16. exd5 Ne7 17. c4 bxc4 18. dxc4 Ne8 19. Nd2 f5 20. Qa4 e4 21. Ra7 Nf6 22. Nf1 Ng4 23. Bf4 Rxb2 24. Ne3 Nxf2 25. Rd7 Qe8 26. Qa7 Bf6 27. Bxd6 Rf7 28. Bxc5 Nd3 29. Bxe7 Nxe1 30. d6 Rxg2+ 31. Nxg2 Bd4+ 32. Qxd4 Qxd7 33. Qd5 Kg7 34. Nf4 Rxe7 35. dxe7 Nf3+ 36. Kf2 Qxe7 37. c5 Ng5 38. Qd6 e3+ 39. Ke2 Qxd6 40. cxd6 Kf7 41. d7 Ke7 42. Nxg6+ Kxd7 43. Kxe3 Ke6 44. Kf4 Kf6 45. Nh4 Nh3+ 46. Kf3 Ng5+ 47. Ke3 Ne6 48. Ng2 Kg5 49. Kf3 Nd4+ 50. Kf2 Ne6 51. Ne3 f4 52. Ng2 fxg3+ 53. Kxg3 Nd4 54. Nf4 Nf5+ 55. Kf3 Nh4+ 56. Kg3 Nf5+ 57. Kf3 Nh4+ 58. Ke3 Nf5+ 59. Ke4 Nh4 60. h3 Kf6 61. Nd5+ Kg5 62. Ne3 Ng6 63. Kf3 Nf4 64. h4+ Kxh4 65. Kxf4 Kh5 66. Kf5 Kh4 67. Kf4 Kh3 68. Kf3 h5 69. Nf5 Kh2 70. Kf2 Kh3 71. Kf3 Kh2 72. Nh4 Kh3 73. Ng6 Kh2 74. Kf2 Kh3 75. Kf3 Kh2 76. Nf4 Kh1 77. Kf2 Kh2 78. Kf3 Kh1 79. Ne2 Kh2 80. Ng3 Kh3 81. Ne4 Kh4 82. Kf4 Kh3 83. Kf3 Kh4 84. Nd2 Kg5 85. Kg3 Kf5 86. Kh3 Kf4 87. Nf1 Kf3 88. Ng3 h4 89. Nf5 Kf4 90. Nh6 Kg5 91. Ng4 Kf4 92. Nf2 Kf3 93. Nd3 Ke4 94. Ne1 Ke3 95. Kg2 Ke2 96. Nf3 h3+ 97. Kg3 h2 98. Nxh2 1/2-1/2


[Site "https://www.chess.com"]

[Event "Titled Tuesday Blitz July 25 Early 2023"]
[White "Navalgund, Niranjan"]
[Black "Torres Hernandez, Leslie Carolin"]
[WhiteFideId "5030854"]
[BlackFideId "8400504"]
[WhiteElo "2470"]
[BlackElo "2244"]
[Result "0-1"]
[Round "2"]
[TimeControl "180+2"]
[Date "2023.07.25"]
[WhiteClock "0:02:31"]
[BlackClock "0:00:40"]
[Board "214"]

1. e4 e6 2. Qe2 Nc6 3. Nc3 e5 4. Nf3 Bc5 5. g3 Nf6 6. Bg2 d6 7. h3 a6 8. O-O O-O 9. d3 Qe7 10. Be3 Bxe3 11. fxe3 Be6 12. Nh4 Qd7 13. Rxf6 gxf6 14. Rf1 Ne7 15. Kh2 Kh8 16. Rxf6 Ng6 17. Qh5 Rg8 18. Nf5 Qd8 19. Rxe6 fxe6 20. Nh6 Rg7 21. h4 Qe8 22. Bh3 Nf8 23. Qf3 Qg6 24. Ng4 h5 25. Nf2 Rf7 26. Qg2 Nh7 27. Ne2 Raf8 28. Nh1 Nf6 29. Nf2 Ng4+ 30. Bxg4 Rxf2 31. Bh3 Rxg2+ 32. Kxg2 Qh6 33. Ng1 Qxe3 34. Kh1 Qxg3 35. Bg2 Rf2 36. Bf3 Rxf3 37. Nxf3 Qxf3+ 38. Kh2 Qd1 39. Kg3 Qxc2 40. Kf3 Qxd3+ 41. Kf2 Qxe4 0-1


[Site "https://www.chess.com"]

[Event "Titled Tuesday Blitz July 25 Early 2023"]
[White "Fernandez Hernandez, Gerardo"]
[Black "UNSTOPPABLE_LEGEND"]
[WhiteFideId "2207400"]
[WhiteElo "2243"]
[BlackElo "2469"]
[Result "0-1"]
[Round "2"]
[TimeControl "180+2"]
[Date "2023.07.25"]
[WhiteClock "0:00:01"]
[BlackClock "0:00:01"]
[Board "215"]

1. e4 g6 2. Nc3 Bg7 3. f4 c5 4. Nf3 Nc6 5. a3 e6 6. b4 Nxb4 7. axb4 cxb4 8. Nb5 Bxa1 9. Nd6+ Kf8 10. c3 bxc3 11. Ba3 cxd2+ 12. Nxd2 Qf6 13. e5 Qxf4 14. Qxa1 Kg7 15. Ne8+ Kh6 16. Bc1 g5 17. h4 Qg3+ 18. Kd1 b6 19. hxg5+ Kg6 20. Qb1+ f5 21. gxf6+ Kf7 22. Rxh7+ Rxh7 23. Qxh7+ Kxe8 24. f7+ Kf8 25. Ba3+ Ne7 26. Bxe7+ Kxe7 27. Qg8 Bb7 28. Qxg3 Kxf7 29. Bc4 Ke7 0-1


[Site "https://www.chess.com"]

[Event "Titled Tuesday Blitz July 25 Early 2023"]
[White "Khouri, Ahmed Abbas"]
[Black "arenal72"]
[WhiteFideId "9301518"]
[WhiteElo "2241"]
[BlackElo "2469"]
[Result "1/2-1/2"]
[Round "2"]
[TimeControl "180+2"]
[Date "2023.07.25"]
[WhiteClock "0:00:15"]
[BlackClock "0:00:26"]
[Board "216"]

1. e4 c5 2. f4 Nc6 3. Nf3 e6 4. Bb5 d5 5. Nc3 g6 6. O-O Bg7 7. d3 Ne7 8. Bxc6+ Nxc6 9. e5 O-O 10. Kh1 f6 11. exf6 Qxf6 12. Qe2 Bd7 13. Bd2 Rae8 14. Rae1 Nd4 15. Qd1 b5 16. Ne5 Qd8 17. Ne2 Bxe5 18. fxe5 Nxe2 19. Qxe2 d4 20. b4 Bc6 21. bxc5 Qd5 22. Bh6 Rf5 23. Rxf5 exf5 24. e6 Qxc5 25. e7 Qd5 26. Qe6+ Qxe6 27. Rxe6 Bd5 28. Rf6 Bf7 29. Bf8 Bxa2 30. Rd6 Kf7 31. Ra6 Bd5 32. Rxa7 Ra8 33. Rxa8 Bxa8 34. Kg1 Bd5 35. Bg7 Kxe7 36. Bxd4 Kd6 37. Kf2 b4 38. g3 Kc6 39. Ke3 Kb5 40. Kf4 Ba2 41. Kg5 Bb1 42. Kh6 Bxc2 43. Kxh7 Bxd3 44. Kxg6 f4+ 45. Kg5 f3 46. Kf4 Be2 47. Ke3 Kc4 48. h4 Bd1 49. Ba1 Kb3 50. h5 f2 51. Kxf2 Bxh5 52. Ke3 Ka2 53. Be5 b3 54. Kf4 b2 55. Bxb2 Kxb2 56. g4 Bxg4 1/2-1/2


[Site "https://www.chess.com"]

[Event "Titled Tuesday Blitz July 25 Early 2023"]
[White "KSho99"]
[Black "Tifferet, Shaked"]
[BlackFideId "2811529"]
[WhiteElo "2219"]
[BlackElo "2467"]
[Result "0-1"]
[Round "2"]
[TimeControl "180+2"]
[Date "2023.07.25"]
[WhiteClock "0:00:01"]
[BlackClock "0:00:10"]
[Board "218"]

1. d4 d5 2. Nc3 c6 3. Bf4 Bf5 4. f3 Nf6 5. g4 Bg6 6. h4 h5 7. g5 Nfd7 8. e3 e6 9. Qd2 a6 10. Qh2 c5 11. Bc7 Qc8 12. Bd3 Bxd3 13. cxd3 cxd4 14. exd4 Nc6 15. Nge2 g6 16. Be5 Ndxe5 17. dxe5 Qc7 18. d4 Qb6 19. O-O-O Rc8 20. Qf4 Be7 21. Kb1 Na5 22. Ka1 O-O 23. Rb1 Rc4 24. Rhd1 Rfc8 25. Ng3 Nb3+ 26. axb3 Qxb3 27. Rbc1 Ba3 28. Qd2 Rb4 29. bxa3 Qxa3+ 30. Na2 Rbc4 31. Rxc4 Rxc4 32. Qb2 Qxf3 33. Ne2 b5 34. Nac3 b4 35. Na4 a5 36. Nc5 Qg4 37. Rc1 Qxh4 38. Rxc4 dxc4 39. d5 Qh1+ 40. Ka2 Qxd5 0-1


[Site "https://www.chess.com"]

[Event "Titled Tuesday Blitz July 25 Early 2023"]
[White "Kuchava, Ana"]
[Black "Ladan, Nicholas"]
[WhiteFideId "13605348"]
[BlackFideId "30918855"]
[WhiteElo "2217"]
[BlackElo "2466"]
[Result "0-1"]
[Round "2"]
[TimeControl "180+2"]
[Date "2023.07.25"]
[WhiteClock "0:00:04"]
[BlackClock "0:00:14"]
[Board "219"]

1. d4 d5 2. Nf3 Nf6 3. c4 e6 4. Nc3 Bb4 5. Qa4+ Nc6 6. e3 O-O 7. Bd3 Re8 8. O-O a6 9. Qc2 dxc4 10. Bxc4 b5 11. Bd3 Bb7 12. a3 Bf8 13. Bd2 Ne7 14. e4 Ng6 15. h3 Rc8 16. b4 e5 17. d5 c6 18. dxc6 Rxc6 19. Rfd1 Qa8 20. Qb3 Rec8 21. Rac1 R6c7 22. Re1 h6 23. a4 bxa4 24. Qxa4 Nf4 25. Bxf4 exf4 26. Ne2 Rxc1 27. Rxc1 Rxc1+ 28. Nxc1 Nxe4 29. Ne2 Ng5 30. Nxg5 hxg5 31. f3 Bxf3 32. gxf3 Qxf3 33. Qxa6 Bxb4 34. Qc8+ Bf8 35. Qd7 Qe3+ 36. Kh2 Qf2+ 37. Kh1 f3 38. Qg4 fxe2 39. Bxe2 g6 40. Bf3 Bc5 41. Qg2 Qe1+ 0-1


[Site "https://www.chess.com"]